 Dungeon Sprint DCSS version 0.16-a0-3943-gb4b81e6 (webtiles) character file.

23 BluebellGnoll the Magician (level 2, -7/13 HPs)
             Began as a Spriggan Venom Mage on Feb 8, 2015.
             Was a Believer of Vehumet.
             Mangled by a komodo dragon (20 damage)
             ... in the Dungeon (Sprint IX: "|||||||||||||||||||||||||||||").
             The game lasted 00:04:00 (267 turns).

BluebellGnoll the Magician (Spriggan Venom Mage)     Turns: 267, Time: 00:04:01

Health: -7/13      AC:  3    Str: 10    XL:     2   Next: 72%
Magic:  12/12      EV: 18    Int: 16    God:    Vehumet [**....]
Gold:   0          SH:  0    Dex: 16    Spells: 1 memorised, 12 levels left

rFire  . . .     SeeInvis +     n - +2 rapier (venom)
rCold  . . .     Clarity  .     a - +0 robe
rNeg   . . .     SustAb   .     (shield restricted)
rPois  .         Gourm    .     (helmet restricted)
rElec  .         Spirit   .     e - +0 cloak
rCorr  .         Warding  .     (gloves unavailable)
rMut   .         NoTele   +     (boots unavailable)
MR     .....                    (no amulet)
Stlth  +++.......               p - +3 ring of strength
                                o - +3 ring of strength

@: very quick, not resistant to hostile enchantments, fairly stealthy
A: unfitting armour, see invisible, herbivore 3, speed 3, slow metabolism 2
a: Renounce Religion


You were in the Dungeon.
You worshipped Vehumet.
Vehumet was pleased with you.
You were not hungry.

You visited 1 branch

Inventory:

Hand weapons
 n - a +2 rapier of venom (weapon)
Armour
 a - a +0 robe (worn)
 e - a +0 cloak (worn)
Magical staves
 m - an uncursed staff of energy
Jewellery
 o - a +3 ring of strength (left hand)
 p - a +3 ring of strength (right hand)
Magical devices
 l - a wand of fire (6)
Scrolls
 i - 2 scrolls of blinking
 j - 3 scrolls of remove curse
 k - 2 scrolls of amnesia
Potions
 d - 5 potions of curing
 f - a potion of invisibility
 g - 4 potions of magic
 h - 2 potions of heal wounds
Books
 b - a Young Poisoner's Handbook

   Spells                             Type                      Level
   a - Sting                          Conjuration/Poison           1
   b - Cure Poison                    Poison                       2
   c - Mephitic Cloud                 Conjuration/Poison/Air       3
   d - Olgreb's Toxic Radiance        Poison                       4
   e - Venom Bolt                     Conjuration/Poison           5
Comestibles
 c - a bread ration


   Skills:
 - Level 3.0 Dodging
 - Level 3.0 Stealth
 - Level 6.2 Spellcasting
 + Level 1.5 Conjurations
 - Level 4.2 Poison Magic


You had 12 spell levels left.
You knew the following spells:

 Your Spells              Type           Power        Failure   Level  Hunger
a - Sting                 Conj/Pois      ##..         6%          1    None


Dungeon Overview and Level Annotations

Branches:
Dungeon (1/1)

Altars:
Cheibriados
Dithmenos
Elyvilon
Fedhas
Gozag
Kikubaaqudgha
Makhleb
Nemelex Xobeh
Okawaru
Qazlal
Ru
Sif Muna
Trog
Vehumet
Xom
Yredelemnul
Zin
The Shining One
Beogh
Jiyva
Lugonu


Innate Abilities, Weirdness & Mutations

You are tiny and cannot use many weapons and most armour.
You have supernaturally acute eyesight.
You are a herbivore.
You cover ground extremely quickly.
You need consume almost no food.


Message History

The slime creature quivers.
There is an open door here.
The helpless komodo dragon fails to defend itself.
You hit the komodo dragon.
The komodo dragon is poisoned.
The komodo dragon is lightly wounded.
The orc warrior shouts!
The water moccasin hisses angrily.
The komodo dragon misses you.
Evoke which item? (* to show all) (? for menu, Esc to quit)
Zapping:
l - a wand of fire (7)
Press: ? - help, Shift-Dir - straight line, f - komodo dragon
Aim: a komodo dragon (lightly wounded, poisoned)
The bolt of fire hits the komodo dragon.
The komodo dragon is moderately wounded.
The bolt of fire hits the water moccasin.
The water moccasin is severely wounded.
The bolt of fire hits the orc warrior.
The orc warrior is moderately wounded.
This wand has 6 charges left.
The komodo dragon bites you!!
Ouch! That really hurt!
You die... ▓▓▓▓▓▓▓▓▓▓▓▓▓▓▓▓▓▓▓▓▓▓▓▓▓▓ +h§RJo.Sl@....'.†[.[)...'_ ▓▓▓▓▓▓▓▓▓▓▓▓▓▓▓▓▓▓▓▓▓▓▓▓▓▓

You could see a slime creature, a komodo dragon, an efreet, an orc warrior, a water moccasin and a black bear.

Vanquished Creatures
  A shadow imp (D)
  A giant gecko (D)
  A bat (D)
  2 jackals (D)
  3 kobolds (D)
  A giant cockroach zombie (D)
  A goblin (D)
  2 jackal zombies (D)
  5 rats (D)
17 creatures vanquished.

Notes
Turn   | Place    | Note
--------------------------------------------------------------
     0 | D        | BluebellGnoll, the Spriggan Venom Mage, began the quest for the Orb.
     0 | D        | Reached XP level 1. HP: 9/9 MP: 4/4
    23 | D        | Reached skill level 5 in Spellcasting
   112 | D        | Reached XP level 2. HP: 13/13 MP: 8/11
   122 | D        | Reached skill level 1 in Conjurations
   126 | D        | Reached skill level 6 in Spellcasting
   138 | D        | Found a glowing silver altar of Zin.
   138 | D        | Found a glowing golden altar of the Shining One.
   138 | D        | Found an ancient bone altar of Kikubaaqudgha.
   138 | D        | Found a basalt altar of Yredelemnul.
   138 | D        | Found a shimmering altar of Xom.
   138 | D        | Found a radiant altar of Vehumet.
   138 | D        | Found an iron altar of Okawaru.
   139 | D        | Found a burning altar of Makhleb.
   140 | D        | Found a deep blue altar of Sif Muna.
   141 | D        | Found a bloodstained altar of Trog.
   142 | D        | Found a sparkling altar of Nemelex Xobeh.
   143 | D        | Found a white marble altar of Elyvilon.
   144 | D        | Found a roughly hewn altar of Beogh.
   145 | D        | Found a viscous altar of Jiyva.
   146 | D        | Became a worshipper of Vehumet
   147 | D        | Found a corrupted altar of Lugonu.
   148 | D        | Found a blossoming altar of Fedhas.
   149 | D        | Found a snail-covered altar of Cheibriados.
   150 | D        | Found a shadowy altar of Dithmenos.
   151 | D        | Found a stormy altar of Qazlal.
   152 | D        | Found an opulent altar of Gozag.
   153 | D        | Found a sacrificial altar of Ru.
   223 | D        | Acquired Vehumet's first power
   223 | D        | Offered knowledge of Freeze by Vehumet.
   262 | D        | Noticed a black bear
   262 | D        | Noticed an efreet
   262 | D        | Noticed a slime creature
   262 | D        | Noticed an orc warrior
   262 | D        | Noticed a water moccasin
   262 | D        | Noticed a komodo dragon
   267 | D        | Mangled by a komodo dragon

Action                   || total
-------------------------++-------
Melee: Unarmed           ||     8
       Rapier            ||    19
       Club              ||    10
 Cast: Sting             ||     9
Evoke: Wand              ||     1
  Use: Potion            ||     3
 Stab: Sleeping          ||     1
